 Dungeon Crawl Stone Soup version 0.28-a0-1524-ge72afd5fc6 (webtiles) character file.

Game seed: 9556595416089617695

2 psuckher the Sneak (level 1, -5/18 HPs)
             Began as a Barachi Delver on Jan 17, 2022.
             Slain by a wyvern zombie (9 damage)
             ... on level 5 of the Dungeon.
             The game lasted 00:00:45 (215 turns).

psuckher the Sneak (Barachi Delver)                  Turns: 215, Time: 00:00:47

Health: -5/18      AC: 10    Str: 13    XL:     1   Next: 30%
Magic:  1/1        EV:  3    Int: 10    God:
Gold:   12         SH:  0    Dex: 13    Spells: 0/0 levels left

rFire   . . .      SeeInvis .   l - +1 morningstar (vamp)
rCold   . . .      Faith    .   (no shield)
rNeg    . . .      Spirit   .   j - +0 plate armour
rPois   .          Reflect  .   (no helmet)
rElec   .          Harm     .   (no cloak)
rCorr   .          Rampage  .   (no gloves)
Will    .....                   (no boots)
Stlth   ..........              (no amulet)
HPRegen 0.06/turn               (no ring)
MPRegen 0.07/turn               (no ring)

@: slow
A: amphibious, slowness 1, strong legs 1, +LOS
a: Hop


You were on level 5 of the Dungeon.
You visited 1 branch of the dungeon, and saw 1 of its levels.

You collected 12 gold pieces.

Inventory:

Hand Weapons
 a - a +0 falchion
 l - a +1 vampiric morningstar (weapon)
Armour
 b - a +0 leather armour
 j - a +0 plate armour (worn)
Wands
 g - a wand of digging (3)
Scrolls
 c - a scroll of fog
 d - a scroll of magic mapping
 e - a scroll of fear
 h - a scroll of torment {unknown}
 k - a scroll of enchant weapon {unknown}
Potions
 f - a potion of haste
 i - a potion of attraction {unknown}


   Skills:
 + Level 3.6 Fighting
 + Level 2.4 Long Blades
 + Level 2.2 Dodging
 + Level 4.6 Stealth


You couldn't memorise any spells.
You didn't know any spells.
Your spell library was empty.

Dungeon Overview and Level Annotations

Branches:
Dungeon (5/15)
 Temple: D:4-7

Altars:


Innate Abilities, Weirdness & Mutations

You are amphibious.
You cover ground slowly.
You can hop short distances.
You have an extended range of vision and can be seen from far away.


Message History

Found 19 stones.
You see here 19 stones.
Found a scroll labelled CENAQY OROLAEM.
Found a stone staircase leading up.
Found a dagger.
Found 12 gold pieces.
k - a scroll labelled CENAQY OROLAEM
Found 23 stones.
You now have 12 gold pieces.
You see here 23 stones.
An orc comes into view.
It is wielding a +1 vampiric morningstar.
Found an escape hatch in the floor.
The orc shouts!
You slash the orc!
You kill the orc!
Things that are here:
a +1 vampiric morningstar; an orc corpse
There is an escape hatch in the floor here.
Things that are here:
a +1 vampiric morningstar; an orc corpse
l - a +1 vampiric morningstar
There is an escape hatch in the floor here.
You feel a sense of dread.
l - a +1 vampiric morningstar (weapon)
A wyvern zombie comes into view.
There is a stone staircase leading up here.
You sock the wyvern zombie!
The wyvern zombie is moderately damaged.
The wyvern zombie bites you but does no damage.
The wyvern zombie bites you.
You hit the wyvern zombie.
The wyvern zombie is moderately damaged.
The wyvern zombie bites you. x2
You barely miss the wyvern zombie.
The wyvern zombie is moderately damaged.
The wyvern zombie bites you.
* * * LOW HITPOINT WARNING * * *
The wyvern zombie bites you!
Ouch! That really hurt!
You die...

############
#......(...#
##########†########.#
........##># #.#
#.#####.##.########.#
#.# #.##........#.#
#.# #.#########.#.#
#.# #.#########.#.#
#.# #.#......Z@.#.#
#.# #.#.######.##.#
#(# #.#.).........#
#.# #.########.####
#.# #..........# #.#
############ #.# #.#
#.#


You could see a wyvern zombie.

Vanquished Creatures
  An orc (D:5)
1 creature vanquished.

Notes
Turn   | Place    | Note
-------+----------+-------------------------------------------
     0 | D:5      | psuckher the Barachi Delver began the quest for the Orb.
     0 | D:5      | Reached XP level 1. HP: 18/18 MP: 1/1
   210 | D:5      | Noticed a wyvern zombie
   215 | D:5      | Slain by a wyvern zombie

Illustrated notes

Levels and vault maps discovered:
D:5:      layout_basic, uniq_pikel

Action                   || total
-------------------------++-------
Melee: Morningstar       ||     3
       Falchion          ||     1
Armor: Plate armour      ||     1

Table legend: (Time is in decaauts)
 A = Elapsed time spent in this place.
 B = Non-inter-level travel time spent in this place.
 C = Inter-level travel time spent in this place.
 D = Time resting spent in this place.
 E = Time spent auto-exploring this place.
 F = Levels seen in this place.
 G = Mean time per level.
                   A        B        C        D        E       F      G
               +--------+--------+--------+--------+--------+-----+--------+
         Total |    254 |    254 |      0 |      0 |      0 |   1 |  254.0 |
       Dungeon |    254 |    254 |      0 |      0 |      0 |   1 |  254.0 |
               +--------+--------+--------+--------+--------+-----+--------+

Top non-repeatable levels by time:
     D:5: 254 daAuts
